[Event "42nd Olympiad Baku 2016 Open"]
[Site "Baku"]
[Date "2016.09.03"]
[Round "2.26"]
[White "Banikas, Hristos"]
[Black "Pacher, Milan"]
[Result "1/2-1/2"]
[ECO "D38"]
[WhiteElo "2571"]
[BlackElo "2499"]
[Annotator ""]
[PlyCount "86"]
[EventDate "2016.??.??"]
[EventCountry "AZE"]
[SourceTitle "playchess.com"]
[Source "ChessBase"]
[WhiteTeam "Greece"]
[BlackTeam "Slovakia"]
[WhiteTeamCountry "GRE"]
[BlackTeamCountry "SVK"]
[TimeControl "40/5400+30:1800+30"]

1. c4 {(00:00)} Nf6 {(00:00)} 2. Nf3 {(00:00)} e6 {
(00:00)} 3. d4 {(00:06)} d5 {(00:00)} 4. Nc3 {(00:
11)} Bb4 {(00:25)} 5. cxd5 {(12:11)} exd5 {(00:04)} 6. g3
{(00:21)} Ne4 {(08:44)} 7. Bd2 {(04:26)} Nxd2 {(00:
44)} 8. Nxd2 {(00:09)} c6 {(05:14)} 9. Bg2 {(00:11)} O-O {
(00:49)} 10. O-O {(00:10)} Re8 {(07:29)} 11. a3 {(
00:25)} Bf8 {(01:37)} 12. b4 {(05:48)} Bg4 {(05:28)} 13.
h3 {(02:42)} Bh5 {(00:25)} 14. Re1 {(08:45)} Nd7 {(
02:15)} 15. Nb3 {(00:33)} Nb6 {(03:57)} 16. Nc5 {(08:00)}
Rb8 {(03:28)} 17. Qc2 {(06:38)} Bg6 {(05:02)} 18. Qa2 {
(03:11)} a5 {(07:56)} 19. Red1 {(14:42)} Nc4 {(09:
42)} 20. e4 {(02:16)} axb4 {(00:28)} 21. axb4 {(00:28)} b6
{(00:43)} 22. Na6 {(01:14)} Rc8 {(00:39)} 23. exd5 {
(01:27)} cxd5 {(00:03)} 24. Nxd5 {(02:33)} Be4 {(
01:29)} 25. Nf4 {(04:09)} g5 {(05:07)} 26. Nc5 {(03:59)}
Bxg2 {(14:14)} 27. Nxg2 {(00:08)} Qd5 {(00:46)} 28. Nd3 {
(03:58)} Qf3 {(05:12)} 29. Nge1 {(04:04)} Qh5 {(01:
09)} 30. Rdc1 {(01:25)} b5 {(03:31)} 31. Ne5 {(01:52)}
Qxh3 {(03:13)} 32. Nxc4 {(01:30)} bxc4 {(00:06)} 33. Rxc4
{(00:11)} Rcd8 {(01:28)} 34. Nf3 {(01:20)} Rd6 {(
01:43)} 35. Rc5 {(03:49)} Rh6 {(02:32)} 36. Rxg5+ {(00:08]
} Kh8 {(00:01)} 37. Nh4 {(00:06)} Rxh4 {(00:49)} 38. gxh4
{(00:05)} Bd6 {(00:05)} 39. Rg2 {(04:10)} Bh2+ {(
00:50)} 40. Kh1 {(00:00)} Bf4+ {(00:00)} 41. Kg1 {(00:07)}
Bh2+ {(02:13)} 42. Kh1 {(00:04)} Bg3+ {(00:04)} 43. Kg1 {
(00:04)} Bh2+ {(00:03)} 1/2-1/2

[Event "42nd Olympiad Baku 2016 Open"]
[Site "Baku"]
[Date "2016.09.03"]
[Round "2.4"]
[White "Baron, Tal"]
[Black "Larrea, Manuel"]
[Result "1-0"]
[ECO "E90"]
[WhiteElo "2553"]
[BlackElo "2279"]
[Annotator ""]
[PlyCount "73"]
[EventDate "2016.??.??"]
[EventCountry "AZE"]
[SourceTitle "playchess.com"]
[Source "ChessBase"]
[WhiteTeam "Israel"]
[BlackTeam "Uruguay"]
[WhiteTeamCountry "ISR"]
[BlackTeamCountry "URU"]
[TimeControl "40/5400+30:1800+30"]

1. d4 {(00:00)} Nf6 {(01:03)} 2. c4 {(00:00)} g6 {(
00:14)} 3. Nc3 {(00:00)} Bg7 {(00:12)} 4. e4 {(00:00)} d6
{(00:10)} 5. Nf3 {(00:00)} O-O {(01:11)} 6. h3 {(
00:00)} Nbd7 {(00:27)} 7. Be3 {(00:00)} e5 {(00:05)} 8. d5
{(00:09)} Nc5 {(00:07)} 9. Nd2 {(00:05)} a5 {(00:
07)} 10. g4 {(00:45)} c6 {(00:27)} 11. Be2 {(00:14)} cxd5
{(01:10)} 12. cxd5 {(00:31)} Bd7 {(00:13)} 13. g5 {
(12:28)} Ne8 {(01:06)} 14. h4 {(00:15)} a4 {(06:21]
} 15. h5 {(03:03)} Qa5 {(19:39)} 16. a3 {(07:25)} b5 {
(04:59)} 17. Kf1 {(06:30)} Nc7 {(04:04)} 18. Rh2 {(
06:30)} Rfc8 {(05:59)} 19. Kg2 {(04:40)} Ne8 {(05:18)} 20.
Qh1 {(05:03)} Nb3 {(05:25)} 21. Nxb3 {(03:08)} axb3 {
(00:08)} 22. Rc1 {(00:22)} b4 {(03:05)} 23. axb4 {(
00:13)} Qxb4 {(00:08)} 24. hxg6 {(01:02)} hxg6 {(00:19)}
25. Rh4 {(11:33)} Rc7 {(24:39)} 26. Bd3 {(08:37)} Ra2 {
(05:45)} 27. Nxa2 {(15:38)} bxa2 {(00:08)} 28. Qf1 {
(06:26)} Qxb2 {(02:23)} 29. Rh1 {(00:08)} Qb3 {(05:
01)} 30. Qe2 {(01:43)} Rxc1 {(04:04)} 31. Rxc1 {(00:01)}
f5 {(00:28)} 32. f3 {(03:15)} f4 {(00:57)} 33. Bf2 {
(00:22)} Nc7 {(00:32)} 34. Qc2 {(01:35)} Qxc2 {(00:
27)} 35. Bxc2 {(00:02)} Nxd5 {(00:36)} 36. Bb3 {(00:13)}
Be6 {(00:03)} 37. exd5 {(00:20)} 1-0

[Event "42nd Olympiad Baku 2016 Open"]
[Site "Baku"]
[Date "2016.09.03"]
[Round "2.32"]
[White "Barrientos, Sergio E"]
[Black "Nguyen, Anh Khoi"]
[Result "0-1"]
[ECO "B94"]
[WhiteElo "2465"]
[BlackElo "2448"]
[Annotator ""]
[PlyCount "116"]
[EventDate "2016.??.??"]
[EventCountry "AZE"]
[SourceTitle "playchess.com"]
[Source "ChessBase"]
[WhiteTeam "Colombia"]
[BlackTeam "Vietnam"]
[WhiteTeamCountry "COL"]
[BlackTeamCountry "VIE"]
[TimeControl "40/5400+30:1800+30"]

1. e4 {(00:00)} c5 {(00:00)} 2. Nf3 {(00:00)} d6 {(
00:00)} 3. d4 {(00:16)} cxd4 {(00:00)} 4. Nxd4 {(00:04)}
Nf6 {(00:00)} 5. Nc3 {(00:07)} a6 {(00:00)} 6. Bg5 {
(00:18)} Nbd7 {(00:39)} 7. Bc4 {(02:54)} Qb6 {(01:
07)} 8. Bb3 {(00:29)} e6 {(00:13)} 9. Qd2 {(00:27)} Be7 {
(00:25)} 10. O-O-O {(00:12)} Nc5 {(00:12)} 11. f3 {
(00:33)} Qc7 {(02:28)} 12. Kb1 {(02:19)} Bd7 {(01:
58)} 13. g4 {(00:29)} b5 {(01:09)} 14. a3 {(00:18)} O-O {
(05:10)} 15. h4 {(00:12)} Rab8 {(00:10)} 16. h5 {(
03:54)} a5 {(02:00)} 17. h6 {(10:10)} g6 {(06:33)} 18. Qf4
{(03:46)} e5 {(01:49)} 19. Bxf6 {(00:56)} exf4 {(
00:07)} 20. Nd5 {(00:13)} Bxf6 {(00:13)} 21. Nxc7 {(00:07]
} Be5 {(03:09)} 22. Nd5 {(01:26)} Kh8 {(08:35)} 23. Ba2 {
(11:33)} b4 {(15:22)} 24. axb4 {(02:09)} axb4 {(00:
06)} 25. Bb3 {(01:44)} Rb7 {(03:43)} 26. g5 {(15:31)} Ra8
{(04:50)} 27. Ba2 {(09:03)} Ne6 {(09:40)} 28. Ne2 {
(02:31)} Nxg5 {(00:37)} 29. Rhf1 {(01:12)} Bb5 {(
05:21)} 30. Nc1 {(02:30)} Bxf1 {(00:30)} 31. Rxf1 {(00:06]
} Ne6 {(01:48)} 32. Nd3 {(06:56)} b3 {(04:49)} 33. cxb3 {
(01:22)} Rba7 {(07:17)} 34. Nc1 {(01:01)} Nd4 {(00:
15)} 35. Rf2 {(06:01)} f5 {(01:44)} 36. exf5 {(01:13)}
Nxf5 {(00:30)} 37. b4 {(01:26)} Ne3 {(04:47)} 38. Rd2 {
(02:32)} Bxb2 {(02:30)} 39. Rxb2 {(09:01)} Nxd5 {(
00:06)} 40. Bxd5 {(00:00)} Ra1+ {(00:00)} 41. Kc2 {(00:09]
} Rc8+ {(00:08)} 42. Kd2 {(01:58)} Rcxc1 {(03:57)} 43. Ba2
{(02:53)} Rc8 {(06:03)} 44. b5 {(00:48)} Rh1 {(00:
13)} 45. Kd3 {(00:45)} Rxh6 {(00:10)} 46. b6 {(02:20)} Rb8
{(01:41)} 47. Kd4 {(03:58)} Rh5 {(00:18)} 48. Bd5 {
(01:20)} Kg7 {(01:21)} 49. b7 {(00:16)} Kf6 {(00:
57)} 50. Rb1 {(10:31)} Re5 {(00:26)} 51. Be4 {(01:13)} Ke6
{(03:31)} 52. Bc6 {(00:28)} Rc5 {(01:28)} 53. Re1+ {
(00:36)} Kf7 {(00:48)} 54. Be4 {(01:51)} Rb5 {(00:
16)} 55. Bd5+ {(07:21)} Rxd5+ {(00:15)} 56. Kxd5 {(00:01)}
Rxb7 {(00:05)} 57. Kxd6 {(00:23)} Rb3 {(00:54)} 58. Ra1 {
(03:01)} Kf6 {(00:20] Ke5+ Kxe5} 0-1

[Event "42nd Olympiad Baku 2016 Open"]
[Site "Baku"]
[Date "2016.09.03"]
[Round "2.27"]
[White "Bartel, Mateusz"]
[Black "Saeed, Ishaq"]
[Result "1-0"]
[ECO "C77"]
[WhiteElo "2646"]
[BlackElo "2310"]
[Annotator ""]
[PlyCount "61"]
[EventDate "2016.??.??"]
[EventCountry "AZE"]
[SourceTitle "playchess.com"]
[Source "ChessBase"]
[WhiteTeam "Poland"]
[BlackTeam "United Arab Emirates"]
[WhiteTeamCountry "POL"]
[BlackTeamCountry "UAE"]
[TimeControl "40/5400+30:1800+30"]

1. e4 {(00:00)} e5 {(00:41)} 2. Nf3 {(00:00)} Nc6 {
(00:12)} 3. Bb5 {(00:00)} a6 {(00:09)} 4. Ba4 {(00:
00)} Nf6 {(00:11)} 5. d3 {(00:00)} Bd6 {(10:17)} 6. c3 {
(07:01)} O-O {(03:45)} 7. Nbd2 {(01:08)} b5 {(01:
36)} 8. Bc2 {(02:04)} Re8 {(00:24)} 9. d4 {(02:50)} exd4 {
(08:45)} 10. cxd4 {(00:30)} Bf4 {(00:10)} 11. O-O {
(09:35)} Bxd2 {(49:04)} 12. Bxd2 {(00:43)} Nxe4 {(
00:25)} 13. d5 {(02:04)} Nxd2 {(00:27)} 14. Qxd2 {(00:34)}
Ne5 {(00:53)} 15. Ng5 {(01:52)} h6 {(01:35)} 16. f4 {
(00:55)} d6 {(08:27)} 17. fxe5 {(11:43)} Qxg5 {(00:
13)} 18. Qd3 {(00:05)} g6 {(10:00)} 19. e6 {(01:48)} fxe6
{(00:08)} 20. h4 {(01:03)} Qh5 {(02:05)} 21. Bd1 {(
02:29)} Qf5 {(00:30)} 22. Rxf5 {(00:07)} exf5 {(00:25)}
23. h5 {(01:07)} g5 {(00:21)} 24. Qc3 {(00:04)} Bb7 {
(00:45)} 25. Qxc7 {(00:31)} Bxd5 {(00:27)} 26. Qxd6 {
(00:40)} Bf7 {(00:29)} 27. Bb3 {(00:37)} Bxb3 {(00:
31)} 28. Qg6+ {(00:06)} Kf8 {(00:14)} 29. Qxh6+ {(00:07)}
Kf7 {(00:18)} 30. Qg6+ {(00:07)} Kf8 {(00:04)} 31. axb3 {
(00:07)} 1-0

[Event "42nd Olympiad Baku 2016 Open"]
[Site "Baku"]
[Date "2016.09.03"]
[Round "2.6"]
[White "Bashirli, Nail"]
[Black "Zhigalko, Andrey"]
[Result "1/2-1/2"]
[ECO "B90"]
[WhiteElo "2387"]
[BlackElo "2591"]
[Annotator ""]
[PlyCount "151"]
[EventDate "2016.??.??"]
[EventCountry "AZE"]
[SourceTitle "playchess.com"]
[Source "ChessBase"]
[WhiteTeam "Azerbaijan"]
[BlackTeam "Belarus"]
[WhiteTeamCountry "AZE"]
[BlackTeamCountry "BLR"]
[TimeControl "40/5400+30:1800+30"]

1. e4 {(00:00)} c5 {(00:00)} 2. Nf3 {(00:00)} d6 {(
00:00)} 3. d4 {(00:00)} cxd4 {(00:00)} 4. Nxd4 {(00:01)}
Nf6 {(00:00)} 5. Nc3 {(00:03)} a6 {(00:00)} 6. Bc4 {
(00:02)} e6 {(00:12)} 7. Bb3 {(00:10)} Be7 {(00:32]
} 8. g4 {(01:32)} O-O {(00:28)} 9. g5 {(11:26)} Nfd7 {
(00:10)} 10. h4 {(00:19)} Nc5 {(04:10)} 11. Be3 {(
04:57)} b5 {(05:33)} 12. a3 {(09:00)} Bb7 {(07:02)} 13. f3
{(00:57)} Nxb3 {(04:14)} 14. cxb3 {(00:48)} Nc6 {(
03:15)} 15. Qe2 {(15:03)} Nxd4 {(27:58)} 16. Bxd4 {(00:09]
} e5 {(03:11)} 17. Be3 {(03:53)} Rc8 {(00:41)} 18. b4 {
(08:43)} f5 {(14:56)} 19. gxf6 {(01:29)} Rxf6 {(09:
03)} 20. O-O-O {(06:45)} Qf8 {(02:25)} 21. Bg5 {(10:36)}
Rg6 {(00:08)} 22. Qe3 {(02:07)} h6 {(05:11)} 23. Bxe7 {
(00:36)} Qxe7 {(00:02)} 24. Kb1 {(07:44)} Rf8 {(02:
42)} 25. Rd3 {(06:22)} Rf7 {(02:04)} 26. Ka1 {(02:28)} Qf8
{(01:18)} 27. Rf1 {(00:46)} Kh7 {(02:06)} 28. Rc1 {
(01:45)} Rgf6 {(01:01)} 29. Rf1 {(00:21)} Rf4 {(00:
58)} 30. h5 {(00:34)} R7f6 {(01:13)} 31. Rdd1 {(04:50)}
Qf7 {(02:24)} 32. Qa7 {(01:27)} Rxf3 {(00:42)} 33. Rg1 {
(00:51)} Rh3 {(02:20)} 34. Rg6 {(00:25)} Rf1 {(00:
30)} 35. Rgxd6 {(00:31)} Rxc3 {(00:27)} 36. bxc3 {(00:23)}
Qb3 {(00:30)} 37. Qxb7 {(00:29)} Rxd1+ {(00:27)} 38. Rxd1
{(00:04)} Qxd1+ {(00:07)} 39. Kb2 {(00:03)} Qe2+ {(
00:57)} 40. Kc1 {(00:00)} Qxh5 {(00:00)} 41. Qxa6 {(01:46]
} Qe2 {(08:03)} 42. a4 {(03:22)} Qe3+ {(06:37)} 43. Kb2 {
(04:52)} Qd2+ {(02:12)} 44. Kb3 {(01:58)} Qd1+ {(
00:35)} 45. Ka3 {(01:26)} Qc1+ {(00:29)} 46. Kb3 {(00:09)}
Qb1+ {(01:08)} 47. Ka3 {(00:04)} bxa4 {(01:45)} 48. Kxa4 {
(03:01)} Qxe4 {(07:35)} 49. c4 {(03:48)} h5 {(00:
08)} 50. c5 {(00:31)} h4 {(00:12)} 51. Qe6 {(00:27)} Qf3 {
(05:37)} 52. c6 {(01:01)} h3 {(00:37)} 53. c7 {(01:
01)} Qa8+ {(00:16)} 54. Kb3 {(00:11)} Qf3+ {(00:13)} 55.
Kc4 {(00:33)} Qe2+ {(01:51)} 56. Kc5 {(02:41)} Qc2+ {
(00:10)} 57. Kd6 {(00:26)} h2 {(00:28)} 58. Qh3+ {(
01:27)} Kg6 {(00:05)} 59. Qg4+ {(00:24)} Kf6 {(01:37)} 60.
Qe6+ {(01:39)} Kg5 {(00:02)} 61. Qxe5+ {(00:26)} Kh4 {
(01:16)} 62. Qf4+ {(02:28)} Kh3 {(00:25)} 63. Qf3+ {
(00:30)} Kh4 {(00:05)} 64. b5 {(03:22)} g5 {(00:31]
} 65. b6 {(02:31)} g4 {(00:05)} 66. Qd5 {(00:31)} g3 {
(01:11)} 67. b7 {(01:02)} Qg6+ {(00:13)} 68. Kd7 {(
00:34)} Qg7+ {(00:48)} 69. Kc8 {(00:44)} g2 {(00:33)} 70.
b8=Q {(02:04)} g1=Q {(00:30)} 71. Qb4+ {(00:57)} Q7g4+ {
(00:41)} 72. Qxg4+ {(00:18)} Qxg4+ {(00:22)} 73. Kb7 {
(01:39)} Qb4+ {(00:16)} 74. Kc6 {(00:28)} Qc3+ {(
00:21)} 75. Kd7 {(00:22)} Qh3+ {(00:35)} 76. Kd8 {(00:07)}
1/2-1/2

[Event "42nd Olympiad Baku 2016 Open"]
[Site "Baku"]
[Date "2016.09.03"]
[Round "2.35"]
[White "Batchuluun, Tsegmed"]
[Black "Ebeling, Daniel"]
[Result "1-0"]
[ECO "A89"]
[WhiteElo "2513"]
[BlackElo "2468"]
[Annotator ""]
[PlyCount "75"]
[EventDate "2016.??.??"]
[EventCountry "AZE"]
[SourceTitle "playchess.com"]
[Source "ChessBase"]
[WhiteTeam "Mongolia"]
[BlackTeam "Finland"]
[WhiteTeamCountry "MGL"]
[BlackTeamCountry "FIN"]
[TimeControl "40/5400+30:1800+30"]

1. d4 {(00:00)} f5 {(00:00)} 2. Nf3 {(00:38)} Nf6 {
(00:00)} 3. g3 {(00:06)} g6 {(00:00)} 4. Bg2 {(00:
07)} Bg7 {(00:00)} 5. O-O {(00:09)} O-O {(00:13)} 6. c4 {
(01:16)} d6 {(00:42)} 7. Nc3 {(00:11)} Nc6 {(00:21]
} 8. d5 {(04:36)} Na5 {(00:07)} 9. Nd2 {(02:46)} c5 {
(00:14)} 10. a3 {(00:24)} Bd7 {(00:13)} 11. Rb1 {(
01:48)} a6 {(20:59)} 12. Qc2 {(17:55)} Qc7 {(04:20)} 13.
b3 {(02:05)} b5 {(02:15)} 14. Bb2 {(00:24)} Rab8 {(
10:00)} 15. e3 {(02:09)} Kh8 {(26:03)} 16. Ne2 {(03:26)}
bxc4 {(05:18)} 17. bxc4 {(00:16)} g5 {(02:41)} 18. Bc3 {
(04:01)} h6 {(10:00)} 19. h3 {(10:24)} Rg8 {(02:25]
} 20. e4 {(03:50)} fxe4 {(05:16)} 21. Nxe4 {(00:34)} Rbf8
{(01:10)} 22. g4 {(01:15)} Nb7 {(04:04)} 23. f4 {(
00:47)} Nxe4 {(01:54)} 24. Bxg7+ {(02:13)} Rxg7 {(00:14)}
25. Qxe4 {(00:07)} Be8 {(01:33)} 26. fxg5 {(02:13)} Rxf1+
{(00:05)} 27. Rxf1 {(00:04)} hxg5 {(00:12)} 28. Rf8+ {
(09:08)} Rg8 {(00:01)} 29. Qf5 {(00:34)} Qd7 {(01:
04)} 30. Rxg8+ {(00:36)} Kxg8 {(00:01)} 31. Qxg5+ {(00:11]
} Kf8 {(01:37)} 32. Qh6+ {(03:03)} Kg8 {(01:47)} 33. Be4 {
(00:09)} e5 {(00:28)} 34. dxe6 {(00:07)} Qe7 {(00:
16)} 35. Nf4 {(00:11)} Nd8 {(00:18)} 36. Nd5 {(00:49)}
Qxe6 {(00:26)} 37. Nf6+ {(00:11)} Kf7 {(00:13)} 38. Bd5 {
(00:15)} 1-0

[Event "42nd Olympiad Baku 2016 Open"]
[Site "Baku"]
[Date "2016.09.03"]
[Round "2.32"]
[White "Bauer, Christian"]
[Black "Daly, Colm"]
[Result "1-0"]
[ECO "B40"]
[WhiteElo "2623"]
[BlackElo "2328"]
[Annotator ""]
[PlyCount "57"]
[EventDate "2016.??.??"]
[EventCountry "AZE"]
[SourceTitle "playchess.com"]
[Source "ChessBase"]
[WhiteTeam "France"]
[BlackTeam "Ireland"]
[WhiteTeamCountry "FRA"]
[BlackTeamCountry "IRL"]
[TimeControl "40/5400+30:1800+30"]

1. e4 {(00:00)} c5 {(00:00)} 2. Nf3 {(00:00)} e6 {(
00:34)} 3. d3 {(00:19)} d5 {(01:18)} 4. Qe2 {(00:18)} Nc6
{(00:36)} 5. g3 {(00:14)} d4 {(00:58)} 6. e5 {(01:
09)} Nge7 {(01:31)} 7. Bg2 {(02:32)} Nd5 {(00:17)} 8. O-O
{(02:21)} Be7 {(00:12)} 9. Nbd2 {(12:55)} O-O {(06:
48)} 10. h4 {(01:25)} b6 {(00:24)} 11. Ne4 {(06:18)} Bb7 {
(01:19)} 12. a3 {(06:58)} Rb8 {(11:41)} 13. Neg5 {(
07:59)} h6 {(05:36)} 14. Nh3 {(00:21)} Qd7 {(05:52)} 15.
Nh2 {(05:22)} f5 {(07:24)} 16. exf6 {(01:32)} Bxf6 {
(00:48)} 17. Bd2 {(04:48)} Rbe8 {(00:22)} 18. Rae1 {
(01:15)} a5 {(07:28)} 19. Be4 {(08:45)} a4 {(06:54]
} 20. Qh5 {(04:42)} Nce7 {(02:59)} 21. Ng5 {(07:50)} Nc8 {
(33:27)} 22. Qg6 {(07:04)} hxg5 {(00:35)} 23. Ng4 {
(00:48)} Rf7 {(00:49)} 24. hxg5 {(00:31)} Nd6 {(02:
38)} 25. Bxd5 {(13:43)} Bxd5 {(00:47)} 26. gxf6 {(00:04)}
e5 {(01:00)} 27. f3 {(01:11)} Nf5 {(00:38)} 28. Rxe5 {
(01:17)} Kf8 {(00:29)} 29. Rxf5 {(00:26)} 1-0

[Event "42nd Olympiad Baku 2016 Open"]
[Site "Baku"]
[Date "2016.09.03"]
[Round "2.28"]
[White "Bengherabi, Khalil"]
[Black "Di Berardino, Diego Rafael"]
[Result "1/2-1/2"]
[ECO "B43"]
[WhiteElo "2241"]
[BlackElo "2499"]
[Annotator ""]
[PlyCount "108"]
[EventDate "2016.??.??"]
[EventCountry "AZE"]
[SourceTitle "playchess.com"]
[Source "ChessBase"]
[WhiteTeam "Algeria"]
[BlackTeam "Brazil"]
[WhiteTeamCountry "ALG"]
[BlackTeamCountry "BRA"]
[TimeControl "40/5400+30:1800+30"]

1. e4 {(00:00)} c5 {(00:00)} 2. Nf3 {(00:00)} e6 {(
00:00)} 3. d4 {(00:00)} cxd4 {(00:02)} 4. Nxd4 {(00:00)}
a6 {(00:18)} 5. Nc3 {(00:24)} b5 {(00:10)} 6. a3 {(
07:26)} Bb7 {(01:03)} 7. Bd3 {(00:38)} d6 {(06:17)} 8. O-O
{(00:06)} Nf6 {(00:13)} 9. Qe2 {(02:29)} Be7 {(01:
14)} 10. a4 {(17:54)} b4 {(01:23)} 11. Na2 {(00:05)} O-O {
(04:04)} 12. Bd2 {(03:43)} a5 {(08:02)} 13. c3 {(
01:29)} d5 {(11:25)} 14. e5 {(05:55)} Ne4 {(00:15)} 15.
cxb4 {(00:31)} axb4 {(01:39)} 16. Bxb4 {(17:01)} Rxa4 {
(04:20)} 17. Bxe7 {(09:11)} Qxe7 {(00:33)} 18. Nb3 {
(01:24)} Qc7 {(21:30)} 19. Rfc1 {(13:15)} Qb6 {(03:
42)} 20. Nc3 {(00:54)} Nxc3 {(04:48)} 21. Rxc3 {(10:39)}
Rxa1+ {(16:07)} 22. Nxa1 {(00:01)} g6 {(00:15)} 23. h4 {
(04:09)} Nd7 {(02:27)} 24. h5 {(02:14)} Ra8 {(01:
57)} 25. Rc1 {(02:29)} Qd4 {(00:19)} 26. Nb3 {(00:31)}
Qxe5 {(00:35)} 27. hxg6 {(00:10)} hxg6 {(00:09)} 28. Qxe5
{(00:50)} Nxe5 {(00:05)} 29. Be2 {(00:25)} Ra2 {(
02:52)} 30. Rb1 {(00:36)} Ra4 {(05:17)} 31. Nc5 {(00:23)}
Rb4 {(00:04)} 32. Nxb7 {(00:28)} Rxb7 {(00:04)} 33. b4 {
(00:05)} Kf8 {(03:33)} 34. f4 {(01:03)} Nc6 {(01:
20)} 35. b5 {(00:09)} Nb8 {(00:39)} 36. Kf2 {(00:34)} Ke7
{(00:06)} 37. Bd3 {(00:37)} Nd7 {(00:32)} 38. Ke3 {
(00:34)} Kd6 {(00:14)} 39. g4 {(00:25)} e5 {(01:03]
} 40. fxe5+ {(00:00)} Nxe5 {(00:00)} 41. Be2 {(00:50)} Kc5
{(04:07)} 42. Kf4 {(07:00)} Nc4 {(00:21)} 43. Kg5 {
(00:30)} Rb6 {(06:57)} 44. Rf1 {(06:59)} Ne5 {(11:
25)} 45. Ra1 {(02:51)} f6+ {(03:30)} 46. Kf4 {(00:53)} Nc4
{(03:09)} 47. Ra6 {(03:42)} Kxb5 {(01:41)} 48. Rxb6+ {
(00:41)} Kxb6 {(00:03)} 49. g5 {(00:30)} fxg5+ {(
03:11)} 50. Kxg5 {(00:52)} Kc5 {(00:19)} 51. Kxg6 {(00:39]
} Kd4 {(00:10)} 52. Kf5 {(00:56)} Kc3 {(01:07)} 53. Ke6 {
(03:43)} d4 {(00:04)} 54. Kd5 {(00:10)} Nd2 {(00:
25)} 1/2-1/2

[Event "42nd Olympiad Baku 2016 Open"]
[Site "Baku"]
[Date "2016.09.03"]
[Round "2.7"]
[White "Ble, Kouko Hubert"]
[Black "Hillarp Persson, Tiger"]
[Result "0-1"]
[ECO "B42"]
[WhiteElo "1918"]
[BlackElo "2523"]
[Annotator ""]
[PlyCount "66"]
[EventDate "2016.??.??"]
[EventCountry "AZE"]
[SourceTitle "playchess.com"]
[Source "ChessBase"]
[WhiteTeam "CIV"]
[BlackTeam "Sweden"]
[BlackTeamCountry "SWE"]
[TimeControl "40/5400+30:1800+30"]

1. e4 {(00:00)} c5 {(00:00)} 2. Nf3 {(00:00)} e6 {(
00:06)} 3. d4 {(01:03)} cxd4 {(00:07)} 4. Nxd4 {(00:23)}
a6 {(00:15)} 5. Bd3 {(00:36)} Bc5 {(00:22)} 6. Nf3 {
(03:06)} Nc6 {(07:08)} 7. O-O {(01:39)} d6 {(09:37]
} 8. Nc3 {(08:45)} Nge7 {(08:09)} 9. Qe2 {(10:44)} Ng6 {
(10:36)} 10. Be3 {(06:30)} Bxe3 {(01:36)} 11. Qxe3 {
(00:25)} b5 {(02:45)} 12. Rfd1 {(06:05)} O-O {(13:
53)} 13. Be2 {(08:11)} Qc7 {(04:47)} 14. Rd2 {(02:03)} Bb7
{(02:44)} 15. Rad1 {(05:44)} Rfd8 {(04:45)} 16. a3 {
(04:40)} h6 {(01:20)} 17. g3 {(06:05)} Nce7 {(06:
27)} 18. h4 {(03:30)} d5 {(02:05)} 19. exd5 {(02:05)} Nxd5
{(00:20)} 20. Nxd5 {(02:35)} Rxd5 {(01:21)} 21. Rxd5 {
(02:30)} Bxd5 {(00:16)} 22. Rd2 {(05:18)} Ne7 {(02:
57)} 23. Qe5 {(04:48)} Qb7 {(03:21)} 24. Ne1 {(00:51)} Rc8
{(04:49)} 25. c3 {(03:01)} Qb6 {(01:26)} 26. Nc2 {(
02:14)} Ba8 {(01:41)} 27. Ne1 {(03:58)} Bd5 {(06:17)} 28.
Nc2 {(00:53)} Ng6 {(00:58)} 29. Qe3 {(00:52)} Qc7 {
(00:22)} 30. Nb4 {(00:32)} Ba8 {(02:14)} 31. Qd4 {(
02:34)} Ne5 {(00:47)} 32. f4 {(01:46)} Qb7 {(01:08)} 33.
Nd5 {(02:20)} Nc6 {(00:42)} 0-1

[Event "42nd Olympiad Baku 2016 Open"]
[Site "Baku"]
[Date "2016.09.03"]
[Round "2.6"]
[White "Blomqvist, Erik"]
[Black "Mambe, Lobognon Anderson O"]
[Result "1-0"]
[ECO "C00"]
[WhiteElo "2545"]
[BlackElo "1880"]
[Annotator ""]
[PlyCount "49"]
[EventDate "2016.??.??"]
[EventCountry "AZE"]
[SourceTitle "playchess.com"]
[Source "ChessBase"]
[WhiteTeam "Sweden"]
[BlackTeam "CIV"]
[WhiteTeamCountry "SWE"]
[TimeControl "40/5400+30:1800+30"]

1. e4 {(00:00)} e6 {(00:00)} 2. Qe2 {(00:00)} Be7 {
(01:50)} 3. Nf3 {(01:22)} d6 {(03:40)} 4. d4 {(00:
52)} h6 {(01:58)} 5. g3 {(02:46)} Nf6 {(02:09)} 6. Bg2 {
(01:56)} c6 {(03:54)} 7. e5 {(01:55)} Nfd7 8. exd6 {
(00:44)} Bxd6 {(01:13)} 9. O-O {(00:28)} Nf6 {(00:
20)} 10. c4 {(01:47)} O-O {(04:56)} 11. Nc3 {(01:18)} Nbd7
{(05:00)} 12. Rd1 {(03:04)} Re8 {(02:54)} 13. Ne5 {
(01:52)} Qc7 {(01:51)} 14. Bf4 {(01:08)} g5 {(15:
37)} 15. Nxd7 {(03:38)} Bxd7 {(01:34)} 16. Be5 {(01:12)}
Kg7 {(03:48)} 17. f4 {(10:10)} Rad8 {(11:58)} 18. fxg5 {
(01:55)} hxg5 {(03:17)} 19. Bxf6+ {(04:23)} Kxf6 {(
00:59)} 20. Qh5 {(00:49)} Kg7 {(09:09)} 21. Qxg5+ {(00:33]
} Kh7 {(01:18)} 22. Ne4 {(01:20)} Be7 {(00:19)} 23. Nf6+ {
(00:20)} Bxf6 {(00:30)} 24. Be4+ {(00:22)} Kh8 {(
00:47)} 25. Qh6+ {(00:12)} 1-0

[Event "42nd Olympiad Baku 2016 Open"]
[Site "Baku"]
[Date "2016.09.03"]
[Round "2.26"]
[White "Bogner, Sebastian"]
[Black "Mareco, Sandro"]
[Result "1/2-1/2"]
[ECO "E55"]
[WhiteElo "2559"]
[BlackElo "2606"]
[Annotator ""]
[PlyCount "65"]
[EventDate "2016.??.??"]
[EventCountry "AZE"]
[SourceTitle "playchess.com"]
[Source "ChessBase"]
[WhiteTeam "Switzerland"]
[BlackTeam "Argentina"]
[WhiteTeamCountry "SUI"]
[BlackTeamCountry "ARG"]
[TimeControl "40/5400+30:1800+30"]

1. d4 {(00:00)} Nf6 {(00:00)} 2. c4 {(00:00)} e6 {(
00:00)} 3. Nc3 {(00:00)} Bb4 {(00:00)} 4. e3 {(00:00)} O-O
{(00:00)} 5. Bd3 {(00:00)} d5 {(00:00)} 6. Nf3 {(
00:04)} c5 {(01:35)} 7. O-O {(00:10)} dxc4 {(00:29)} 8.
Bxc4 {(00:07)} Nbd7 {(00:16)} 9. Qe2 {(00:08)} a6 {
(00:12)} 10. a3 {(00:05)} Ba5 {(00:31)} 11. a4 {(
00:05)} h6 {(10:52)} 12. Rd1 {(03:28)} Qe7 {(04:58)} 13.
Ne5 {(11:48)} Rd8 {(09:39)} 14. Bd3 {(14:05)} Bc7 {
(14:49)} 15. Nf3 {(11:39)} b6 {(01:42)} 16. b3 {(
14:44)} Bb7 {(02:21)} 17. Ba3 {(02:44)} Bd6 {(09:20)} 18.
Bc4 {(03:10)} cxd4 {(06:28)} 19. Bxd6 {(00:06)} Qxd6 {
(00:04)} 20. Rxd4 {(00:45)} Qc7 {(02:50)} 21. Rad1 {
(01:57)} Nc5 {(00:26)} 22. Rxd8+ {(10:07)} Rxd8 {(
00:05)} 23. Rxd8+ {(00:12)} Qxd8 {(00:05)} 24. Qd2 {(06:
29)} Qc7 {(00:37)} 25. Qd4 {(03:09)} Nfd7 {(13:38)} 26.
Nd2 {(06:35)} Ne5 {(02:28)} 27. Bf1 {(02:28)} Nc6 {
(00:49)} 28. Qg4 {(02:08)} Qd8 {(00:59)} 29. Qd1 {(
01:02)} Nb4 {(01:39)} 30. Nc4 {(02:31)} Qf6 {(03:47)} 31.
Qd2 {(00:01)} Nxb3 {(09:21)} 32. Qb2 {(00:15)} Nd5 {
(00:08)} 33. Qxb3 {(00:45)} 1/2-1/2